 Dungeon Crawl Stone Soup version 0.20.0-15-g7f486f2 (webtiles) character file.

3836 vishdafish the Basher (level 10, -14/61 HPs)
             Began as a Gargoyle Fighter on June 18, 2017.
             Demolished by a komodo dragon (23 damage)
             ... on level 8 of the Dungeon.
             The game lasted 00:20:41 (8628 turns).

vishdafish the Basher (Gargoyle Fighter)            Turns: 8628, Time: 00:20:41

Health: -14/61     AC: 16    Str: 22    XL:     10   Next: 18%
Magic:  10/10      EV:  9    Int: 14    God:
Gold:   436        SH: 11    Dex:  9    Spells: 9/9 levels left

rFire    . . .     SeeInvis .   a - +1 flail
rCold    . . .     Gourm    .   c - +0 shield
rNeg     + . .     Faith    .   u - +0 scale mail
rPois    ∞         Spirit   .   (no helmet)
rElec    +         Reflect  .   (no cloak)
rCorr    +         Harm     .   m - +0 pair of gloves
MR       .....                  (no boots)
Stlth    ..........             (no amulet)
Regen    0.2/turn               e - ring of resist corrosion
MPRegen  0.2/turn               i - +4 ring of intelligence

@: no status effects
A: negative energy resistance 1, electricity resistance, unbreathing,
petrification resistance, rot immunity, AC +7
a: no special abilities


You were on level 8 of the Dungeon.
You were not hungry.

You visited 1 branch of the dungeon, and saw 8 of its levels.

You collected 436 gold pieces.

Inventory:

Hand Weapons
 a - a +1 flail (weapon)
 t - a +0 morningstar
Missiles
 q - 4 silver tomahawks (quivered)
Armour
 b - a +0 scale mail
 c - a +0 shield (worn)
 m - a +0 pair of gloves (worn)
 u - a +0 scale mail (worn)
Jewellery
 e - a ring of resist corrosion (left hand)
 i - a +4 ring of intelligence (right hand)
 r - an uncursed ring of wizardry
Wands
 f - a wand of flame (26/48)
 y - a wand of acid (9/15)
 z - a wand of polymorph (6/24)
 A - a wand of disintegration (12/24)
 C - a wand of lightning (0/15)
Scrolls
 g - a scroll of magic mapping
 h - a scroll of amnesia
 l - a scroll of torment {unknown}
 x - 3 scrolls of teleportation
 F - a scroll of fear {unknown}
 G - a scroll of remove curse
Potions
 d - 2 potions of might
 j - a potion of degeneration {unknown}
 k - 2 potions of mutation {unknown}
 n - 4 potions of agility
 p - a potion of flight {unknown}
 s - 2 potions of magic {unknown}
 v - 3 potions of haste {unknown}
 B - a potion of berserk rage
 D - a potion of brilliance {unknown}
 E - a potion of lignification {unknown}
Comestibles
 o - 3 fruits
 w - a meat ration


   Skills:
 + Level 6.5 Fighting
 + Level 9.1 Maces & Flails
 + Level 7.6 Armour
 + Level 3.1 Dodging
 + Level 1.4 Stealth
 + Level 7.9 Shields


You had 9 spell levels left.
You didn't know any spells.

Dungeon Overview and Level Annotations

Branches:
Dungeon (8/15)             Temple (0/1) D:4
   Lair: D:8-11

Altars:
Ashenzari
Dithmenos
Gozag
Kikubaaqudgha
Makhleb
Okawaru
Ru
Sif Muna
Trog
Uskayaw
Vehumet

Shops:
D:5 =

Annotations:
D:8 Prince Ribbit


Innate Abilities, Weirdness & Mutations

You are resistant to torment.
Your stone body is resilient. (AC +7)
You are immune to poison.
You resist negative energy. (rN+)
You are resistant to electric shocks. (rElec)
You can survive without breathing.
You are immune to petrification.
You are immune to rotting.


Message History

The komodo dragon bites you!
You are too injured to fight recklessly!
You are too injured to fight recklessly!
You are too injured to fight recklessly!
You are too injured to fight recklessly!
You are too injured to fight recklessly!
You are too injured to fight recklessly!
You are too injured to fight recklessly!
You are too injured to fight recklessly!
You are too injured to fight recklessly!
You are too injured to fight recklessly!
You are too injured to fight recklessly!
Prince Ribbit closely misses you.
You miss Prince Ribbit.
Prince Ribbit is heavily wounded.
Prince Ribbit hits you! The komodo dragon bites you!
* * * LOW HITPOINT WARNING * * *
You block Prince Ribbit's attack.
Prince Ribbit blinks!
The komodo dragon bites you!!
You die...

.........
.......# ....//#
.....# #...#
#..## ###§#.##
###.##l.....####
........@.......+
.....##.#<...####
#### #.#.#..#
#<#..#.# #.##.#.#
#.##.#.# #......#
## #.### #.#


You could see a komodo dragon.

Vanquished Creatures
  Pikel (D:6)
  The ghost of blackwizard the Ducker, a novice TrFi of Gozag (D:6)
  2 hippogriffs (D:7)
  A hungry ghost (D:7)
  An orc warrior (D:5)
  5 ogres
  A phantom (D:5)
  A slave (D:6)
  7 bullfrogs
  A gnoll sergeant (D:7)
  A water moccasin zombie (D:7)
  3 scorpions
  2 vampire bats (D:6)
  3 crimson imps
  2 bullfrog zombies (D:6)
  2 hounds (D:6)
  9 orc priests
  A jelly (D:5)
  2 centaur skeletons
  Ijyb (D:5)
  2 iguanas (D:7)
  2 orc wizards
  6 worker ants
  A howler monkey skeleton (D:6)
  4 gnolls
  9 adders
  A shadow imp (D:5)
  An ooze (D:3)
  4 worms
  3 dart slugs
  5 leopard geckos
  44 orcs
  2 ball pythons
  A bat skeleton (D:6)
  6 bat zombies (D:6)
  8 giant cockroaches
  6 goblins
  8 hobgoblins
  6 jackals
  5 quokkas
  2 bats
  4 frilled lizards
  A jackal skeleton (D:5)
  8 kobolds
  A leopard gecko skeleton (D:5)
  6 rats
  A bush (D:5)
194 creatures vanquished.

Vanquished Creatures (others)
  An orc wizard (D:7)
  A quokka (D:7)
2 creatures vanquished.

Grand Total: 196 creatures vanquished

Notes
Turn   | Place    | Note
-------+----------+-------------------------------------------
     0 | D:1      | vishdafish the Gargoyle Fighter began the quest for the Orb.
     0 | D:1      | Reached XP level 1. HP: 14/14 MP: 1/1
    80 | D:1      | Reached XP level 2. HP: 12/19 MP: 2/2
   879 | D:2      | Reached XP level 3. HP: 17/23 MP: 3/3
  1377 | D:2      | Reached XP level 4. HP: 27/28 MP: 4/4
  2175 | D:3      | Reached skill level 3 in Maces & Flails
  2175 | D:3      | Reached XP level 5. HP: 5/33 MP: 5/5
  2492 | D:3      | Noticed an ogre
  2502 | D:3      | Killed an ogre
  2820 | D:3      | Reached XP level 6. HP: 38/38 MP: 6/6
  2822 | D:3      | Reached skill level 4 in Maces & Flails
  3138 | D:3      | Found an opulent altar of Gozag.
  4033 | D:3      | Reached skill level 1 in Dodging
  4140 | D:3      | Reached skill level 5 in Maces & Flails
  4140 | D:3      | Reached XP level 7. HP: 28/43 MP: 7/7
  4519 | D:4      | Reached skill level 5 in Armour
  4541 | D:4      | Reached skill level 5 in Shields
  4549 | D:4      | Found a staircase to the Ecumenical Temple.
  4784 | D:5      | Entered Level 5 of the Dungeon
  4789 | D:5      | Noticed Ijyb
  4792 | D:5      | Reached skill level 6 in Maces & Flails
  4792 | D:5      | Reached skill level 1 in Stealth
  4797 | D:5      | Killed Ijyb
  4869 | D:5      | Found Heixt's Jewellery Shoppe.
  4898 | D:5      | Reached XP level 8. HP: 46/48 MP: 8/8
  5458 | D:5      | Reached skill level 7 in Maces & Flails
  5528 | D:5      | Found a bloodstained altar of Trog.
  5529 | D:5      | Found an iron altar of Okawaru.
  5990 | D:5      | You fall through a shaft!
  6020 | D:6      | Found a shadowy altar of Dithmenos.
  6088 | D:6      | Reached skill level 5 in Fighting
  6288 | D:6      | Found an ancient bone altar of Kikubaaqudgha.
  6360 | D:6      | Noticed blackwizard's ghost (novice TrFi)
  6385 | D:6      | Killed blackwizard's ghost
  6385 | D:6      | Reached skill level 8 in Maces & Flails
  6385 | D:6      | Reached XP level 9. HP: 43/54 MP: 9/9
  6402 | D:6      | Noticed Prince Ribbit
  7064 | D:6      | Found a burning altar of Makhleb.
  7064 | D:6      | Found a faded altar of an unknown god.
  7081 | D:6      | Noticed Pikel
  7089 | D:6      | Killed Pikel
  7100 | D:6      | Found a shadowy altar of Dithmenos.
  7103 | D:6      | Found a radiant altar of Vehumet.
  7105 | D:6      | Found a shattered altar of Ashenzari.
  7197 | D:6      | Found a hide-covered altar of Uskayaw.
  7877 | D:7      | Reached XP level 10. HP: 14/60 MP: 10/10
  8051 | D:7      | Reached skill level 9 in Maces & Flails
  8150 | D:7      | Found a deep blue altar of Sif Muna.
  8225 | D:7      | Found a sacrificial altar of Ru.
  8628 | D:8      | Demolished by a komodo dragon

Skill      XL: |  1  2  3  4  5  6  7  8  9 10 |
---------------+-------------------------------+-----
Armour         | 4 5 6 7 |  7.6
Shields        | 4 5 6 7 |  7.9
Maces & Flails | 3 5 6 8 9 |  9.1
Fighting       | 4 5 6 |  6.5
Dodging        | 1 2 3 |  3.1
Stealth        | 1 |  1.4

Action                   |  1- 3 |  4- 6 |  7- 9 | 10-12 || total
-------------------------+-------+-------+-------+-------++-------
Melee: Flail             |    71 |   154 |   540 |   102 ||   867
       Mace              |   137 |    16 |       |       ||   153
       Morningstar       |       |   126 |       |       ||   126
  Use: Scroll            |     2 |     2 |     7 |       ||    11
       Potion            |       |       |     4 |       ||     4
  Eat: Bread ration      |     1 |     2 |     2 |       ||     5
       Meat ration       |       |       |     3 |       ||     3
       Fruit             |       |       |     4 |     2 ||     6
Armor: Scale mail        |   128 |   156 |   305 |    30 ||   619
Dodge: Dodged            |    89 |    77 |   219 |    40 ||   425
Block: Shield            |   123 |   140 |   309 |    75 ||   647
